 Dungeon Crawl Stone Soup version 0.16.0-11-gd45b091 (webtiles) character file.

196 rjames93 the Gusty (level 5, 0/58 HPs)
             Began as a Draconian Air Elementalist on Mar 17, 2015.
             Killed by divine providence
             ... invoked by an orc priest
              (10 damage)
             ... on level 3 of the Dungeon.
             The game lasted 00:11:34 (3934 turns).

rjames93 the Gusty (Draconian Air Elementalist)     Turns: 3934, Time: 00:11:34

Health: 0/58       AC: 22    Str: 15    XL:     5   Next: 46%
Magic:  1/9        EV:  2    Int: 17    God:
Gold:   103        SH:  0    Dex: 11    Spells: 2 memorised, 5 levels left

rFire  . . .     SeeInvis +     (no weapon)
rCold  . . .     Clarity  .     (armour unavailable)
rNeg   + + +     SustAb   .     (no shield)
rPois  +         Gourm    .     (helmet currently unavailable)
rElec  .         Spirit   .     (cloak currently unavailable)
rCorr  .         Warding  .     (gloves currently unavailable)
rMut   .         NoTele   +     (boots currently unavailable)
MR     .....                    (no amulet)
Stlth  ++........               f - +6 ring of evasion
                                h - ring of see invisible

@: mighty, tree-form, not resistant to hostile enchantments, unstealthy
A: unfitting armour, (cold-blooded), AC +5
a: no special abilities


You were on level 3 of the Dungeon.
You were not hungry.
You were a tree.
You visited 1 branch of the dungeon, and saw 4 of its levels.

You collected 103 gold pieces.

Inventory:

Jewellery
 f - a +6 ring of evasion (right branch)
 h - a ring of see invisible (left branch)
 n - an uncursed amulet of clarity
Scrolls
 j - 2 scrolls of remove curse
 k - a scroll of identify
Potions
 e - a potion of invisibility
Books
 b - a book of Air

   Spells                             Type                      Level
   a - Shock                          Conjuration/Air              1
   b - Swiftness                      Charms/Air                   2
   c - Repel Missiles                 Charms/Air                   2
   d - Flight                         Charms/Air                   3
   e - Static Discharge               Conjuration/Air              3
   f - Lightning Bolt                 Conjuration/Air              5
Comestibles
 a - a slice of pizza
 c - a bread ration
 m - 3 chunks of flesh


   Skills:
 + Level 0.4 Fighting
 + Level 3.2 Dodging
 + Level 2.3 Stealth
 + Level 2.7 Spellcasting
 + Level 2.6 Conjurations
 + Level 3.8 Air Magic


You had 5 spell levels left.
You knew the following spells:

 Your Spells              Type           Power        Failure   Level  Hunger
a - Shock                 Conj/Air       ##..         6%          1    #......
b - Static Discharge      Conj/Air       ##......     17%         3    ###....


Dungeon Overview and Level Annotations

Branches:
Dungeon (4/15)
 Temple: D:4-7

Altars:
Gozag
Nemelex Xobeh
Ru

Annotations:
D:4 CrazyArbalest's ghost, average CeHu


Innate Abilities, Weirdness & Mutations

((Your plain brown scales are hard (AC +5).))
Your body does not fit into most forms of armour.
((Your cold-blooded metabolism reacts poorly to cold.))


Message History

There are monsters nearby!
There are monsters nearby!
There are monsters nearby!
There are monsters nearby!
There are monsters nearby!
The orc hits you but does no damage.
The orc priest hits you but does no damage.
The orc priest calls upon Beogh to heal the orc priest.
The orc priest's wounds heal themselves!
The orc hits you but does no damage.
The orc priest glows brightly for a moment.
The orc priest hits you.
* * * LOW HITPOINT WARNING * * *
The orc hits you but does no damage.
The orc priest hits you but does no damage. x2
The orc hits you but does no damage.
The orc priest hits you but does no damage.
The orc priest mumbles some strange prayers to Beogh against you.
Something smites you!
You die...

##### ########## # #...#
#........#
###########...#########.#..###.#
...............o♣o...##.#..# #.#
##.##########.##o###.##.#.## #.#
.......# #.#.o.##.##.######.#
.......# #.#...##.##......#[#
.......# #.#[####.#######.#.#
.......# #.............##.#.#
#....### ###.###.#####.##.#.#
#....# #.....#.# #.##.#.# #....#
###.#.#.#.# #....#.#


You could see 2 orc priests and 2 orcs.

Vanquished Creatures
  A hound (D:3)
  An orc wizard (D:3)
  Ijyb (D:3)
  3 adders
  2 worms
  2 giant geckos
  8 orcs
  6 bats
  A bat skeleton (D:4)
  3 giant cockroaches
  6 goblins
  10 hobgoblins
  A quokka (D:3)
  2 ball pythons
  6 giant newts
  6 jackals
  7 kobolds
  A quokka skeleton (D:4)
  8 rats
75 creatures vanquished.

Notes
Turn   | Place    | Note
--------------------------------------------------------------
     0 | D:1      | rjames93, the Draconian Air Elementalist, began the quest for the Orb.
     0 | D:1      | Reached XP level 1. HP: 14/14 MP: 3/3
   474 | D:1      | Reached XP level 2. HP: 12/20 MP: 0/4
  1383 | D:2      | Reached XP level 3. HP: 24/26 MP: 0/6
  1729 | D:2      | Found an opulent altar of Gozag.
  1730 | D:2      | Found a sparkling altar of Nemelex Xobeh.
  2437 | D:3      | Noticed Ijyb
  2517 | D:3      | Killed Ijyb
  2517 | D:3      | Reached XP level 4. HP: 25/34 MP: 0/8
  2642 | D:3      | Found a sacrificial altar of Ru.
  3389 | D:3      | Reached XP level 5. HP: 22/39 MP: 3/9
  3698 | D:4      | Noticed CrazyArbalest's ghost (average CeHu)
  3717 | D:3      | Learned a level 3 spell: Static Discharge
  3934 | D:3      | Killed from afar by an orc priest

Action                   |  1- 3 |  4- 6 || total
-------------------------+-------+-------++-------
Melee: Unarmed           |   161 |    61 ||   222
 Cast: Shock             |   104 |    72 ||   176
       Static Discharge  |       |     6 ||     6
  Use: Potion            |     2 |     2 ||     4
       Scroll            |       |     4 ||     4
 Stab: Invisible         |     5 |       ||     5
  Eat: Chunk             |     6 |     1 ||     7
       Bread ration      |       |     1 ||     1
       Beef jerky        |       |     1 ||     1
